 Dungeon Crawl Stone Soup version 0.28.0-45-g0d030f2227 (webtiles) character file.

Game seed: 16337949288632081118

66 MisterFreud the Slasher (level 3, 0/31 HPs)
             Began as a Palentonga Fighter on May 25, 2022.
             Succumbed to a goblin's poison
             ... on level 2 of the Dungeon.
             The game lasted 00:01:39 (1068 turns).

MisterFreud the Slasher (Palentonga Fighter)        Turns: 1068, Time: 00:01:39

Health: 0/31       AC:  6    Str: 19    XL:     3   Next: 96%
Magic:  3/3        EV:  7    Int:  8    God:
Gold:   63         SH:  4    Dex: 11    Spells: 2/2 levels left

rFire   . . .      SeeInvis +   a - +0 long sword
rCold   . . .      Faith    .   c - +0 buckler
rNeg    . . .      Spirit   .   b - +0 scale mail
rPois   .          Reflect  .   (no helmet)
rElec   .          Harm     .   (no cloak)
rCorr   .          Rampage  .   (no gloves)
Will    .....                   (no barding)
Stlth   ..........              (no amulet)
HPRegen 0.10/turn               (no ring)
MPRegen 0.08/turn               (no ring)

@: lethally poisoned (0 -> -5)
A: large, rugged brown scales 3, see invisible, deformed body, roll 1, armoured
tail
a: Rolling Charge


You were on level 2 of the Dungeon.
You visited 1 branch of the dungeon, and saw 2 of its levels.

You collected 63 gold pieces.

Inventory:

Hand Weapons
 a - a +0 long sword (weapon)
Armour
 b - a +0 scale mail (worn)
 c - a +0 buckler (worn)
Scrolls
 e - a scroll of blinking
 f - a scroll of magic mapping {unknown}
 g - a scroll of teleportation {unknown}
 h - a scroll of holy word {unknown}
 i - a scroll of torment
Potions
 d - a potion of might


   Skills:
 - Level 3.0 Fighting
 + Level 4.3 Long Blades
 - Level 2.4 Armour
 - Level 2.4 Shields


You had 2 spell levels left.
You didn't know any spells.
Your spell library contained the following spells:

 Spells                   Type           Power      Damage    Failure   Level
 Sandblast                Erth           0%         2d4       86%         1
 Passwall                 Tmut/Erth      0%         N/A       94%         2
 Ozocubu's Armour         Ice            0%         N/A       99%         3
 Stone Arrow              Conj/Erth      0%         3d7       99%         3
 Ozocubu's Refrigeration  Ice            0%         4d5       100%        7


Dungeon Overview and Level Annotations

Branches:
Dungeon (2/15)

Altars:

Shops:
D:1 [


Innate Abilities, Weirdness & Mutations

You are completely covered in rugged brown scales. (AC +3, +7% HP)
You have supernaturally acute eyesight. (SInv)
Armour fits poorly on your strangely shaped body.
You can roll at nearby foes to attack.
You have a long armoured tail.


Message History

You hit the goblin but do no damage.
Your tail-slap misses the goblin.
You feel sick.
The goblin no longer looks unusually strong.
The hobgoblin no longer looks unusually strong.
The goblin hits you but does no damage. The goblin barely misses you.
You hit the goblin.
The goblin is severely wounded.
You feel sick. The goblin closely misses you.
You hit the goblin.
You kill the goblin!
You feel sick.
You are no longer poisoned.
The goblin hits you with a +0 dagger of venom.
* * * LOW HITPOINT WARNING * * *
You are lethally poisoned!
Unknown command.
Okay, then.
Okay, then.
Unknown command.
Blink to where?
Press: ? - help, Dir - move target
Found 5 gold pieces.
As you read the scroll labelled CEXIRU GYLE, it crumbles to dust.
It was a scroll of blinking.
* * * LOW HITPOINT WARNING * * *
You feel very sick.
Unknown command.
* * * LOW HITPOINT WARNING * * *
You feel sick.
* * * LOW HITPOINT WARNING * * *
You feel sick.
Okay, then.
Unknown command.
As you read the scroll labelled EKUHIU FICENN, it crumbles to dust.
You feel a surge of unholy energy.
The goblin convulses!
It was a scroll of torment.
* * * LOW HITPOINT WARNING * * *
You feel sick.
There is a lethal amount of poison in your body!
You die...

###.. ##.######g##...
...... #.. #.##... #....
#.#######.)....
##....###.#g..g)gg.....
#.......#...#####g.....
..........#.........##.
# #.....####..#.##.
.#..#.##............)##.
.......@..$..#.......##.
#.....................#.
#.......#####.........#.
........# .. ##......# .
# #......# .⌠.. #......#
..⌠ #....... #. _


You could see a goblin.

Vanquished Creatures
  Robin (D:2)
  A gnoll (D:1)
  An adder (D:2)
  A worm (D:2)
  3 bats
  2 endoplasms
  7 goblins
  3 hobgoblins (D:2)
  4 jackals (D:2)
  A kobold (D:2)
  3 quokkas
  2 frilled lizards
  A rat (D:1)
30 creatures vanquished.

Notes
Turn   | Place    | Note
-------+----------+-------------------------------------------
     0 | D:1      | MisterFreud the Palentonga Fighter began the quest for the
                  | Orb.
     0 | D:1      | Reached XP level 1. HP: 19/19 MP: 1/1
    98 | D:1      | Found Vuoshuh's Antique Armour Shop.
   351 | D:1      | Reached skill level 3 in Long Blades
   351 | D:1      | Reached XP level 2. HP: 25/25 MP: 2/2
   557 | D:2      | Noticed Robin
   578 | D:2      | Reached XP level 3. HP: 15/31 MP: 3/3
   922 | D:2      | Found a faded altar of an unknown god.
  1005 | D:2      | Reached skill level 4 in Long Blades
  1053 | D:2      | Killed Robin
  1067 | D:2      | HP: 1/31 [poisoned by a goblin]
  1068 | D:2      | Succumbed to a goblin's poison

Illustrated notes

Levels and vault maps discovered:
D:1:      mushboom_english_gardens, layout_basic, serial_shops, shop
D:2:      layout_rooms, shapermc_ecumenical_altar_venn, uniq_robin

Skill      XL: |  1  2  3 |
---------------+----------+-----
Long Blades    | 3 4 |  4.3
Fighting       | |  3.0
Armour         | |  2.4
Shields        | |  2.4

Action                   || total
-------------------------++-------
Melee: Long sword        ||    80
       Tailslap          ||     7
 Abil: Rolling Charge    ||    14
  Use: Scroll            ||     2
Armor: Scale mail        ||    29
Dodge: Dodged            ||    20
Block: Buckler           ||    11
